 Dungeon Crawl Stone Soup version 0.24.0-125-gc4c63601f3 (webtiles) character file.

Game seed: 17229283355872300435, levelgen mode: deterministic

324 Peloso the Slasher (level 6, 0/53 HPs)
             Began as a Minotaur Fighter on Mar 14, 2020.
             Slain by an iron imp (5 damage)
             ... summoned by Eustachio
             ... on level 3 of the Dungeon.
             The game lasted 00:06:05 (2775 turns).

Peloso the Slasher (Minotaur Fighter)               Turns: 2775, Time: 00:06:05

Health: 0/53       AC:  7    Str: 26    XL:     6   Next: 23%
Magic:  5/5        EV:  6    Int:  5    God:
Gold:   169        SH: 15    Dex: 11    Spells: 5/5 levels left

rFire    + . .     SeeInvis .   a - +0 long sword
rCold    . . .     Gourm    .   c - +0 large shield
rNeg     . . .     Faith    .   h - +0 scale mail
rPois    .         Spirit   .   (helmet restricted)
rElec    .         Reflect  .   (no cloak)
rCorr    .         Harm     .   (no gloves)
MR       .....     Rnd*Tele +   (no boots)
Stlth    ..........             l - amulet of regeneration (curse)
HPRegen  0.17/turn              e - ring of teleportation (curse)
MPRegen  0.09/turn              o - ring of protection from fire

@: mighty
A: retaliatory headbutt, horns 2
a: no special abilities


You were on level 3 of the Dungeon.
You were not hungry.

You visited 1 branch of the dungeon, and saw 4 of its levels.

You collected 169 gold pieces.

Inventory:

Hand Weapons
 a - a +0 long sword (weapon)
 b - a +0 dagger of flaming
Armour
 c - a +0 large shield (worn)
 h - a +0 scale mail (worn)
Jewellery
 e - a cursed ring of teleportation (left hand)
 k - an uncursed amulet of guardian spirit
 l - a cursed amulet of regeneration (around neck)
 o - a ring of protection from fire (right hand)
Scrolls
 g - 2 scrolls of teleportation {unknown}
 i - 3 scrolls of fog {unknown}
 j - 5 scrolls of identify {unknown}
 m - 2 scrolls of magic mapping {unknown}
Potions
 d - 3 potions of might
Comestibles
 f - 4 rations


   Skills:
 + Level 4.5 Fighting
 + Level 5.2 Long Blades
 + Level 5.1 Armour
 + Level 1.2 Dodging
 + Level 0.2 Stealth
 + Level 5.0 Shields


You had 5 spell levels left.
You didn't know any spells.
Your spell library was empty.

Dungeon Overview and Level Annotations

Branches:
Dungeon (4/15)
 Temple: D:4-7

Altars:
Dithmenos
Nemelex Xobeh
Qazlal
Zin

Annotations:
D:3 Eustachio
D:4 4 runed translucent doors, Natasha, Pikel


Innate Abilities, Weirdness & Mutations

You reflexively headbutt those who attack you in melee.
You have a pair of horns on your head.


Message History

Eustachio is heavily wounded.
You block the ufetubus's attack.
The ufetubus hits you but does no damage.
The ufetubus barely misses you. The ufetubus hits you.
* * * LOW HITPOINT WARNING * * *
Eustachio screams, "At last I'll have my revenge!"
Eustachio barely misses you. You furiously retaliate!
You headbutt Eustachio.
You riposte.
You hit Eustachio.
Eustachio is severely wounded.
The iron imp hits you.
* * * LOW HITPOINT WARNING * * *
You feel very mighty all of a sudden. The ufetubus hits you.
* * * LOW HITPOINT WARNING * * *
The ufetubus hits you but does no damage.
Eustachio hits you but does no damage. The ufetubus hits you.
* * * LOW HITPOINT WARNING * * *
The ufetubus hits you but does no damage.
The iron imp hits you.
You die...

#.<......# ## #........# #.
#........# #. ######....####
#. ### #....#.##....### #.
..#########....#..####...#
##. ....<..........##.# ##..#
##.. ###..######....##.##
#...### #... ##.#
#....@@5.###.....###..# #)###
#....##5..>....#.#..... #)).#
#.#####.#..###.........
###.####.# ##.#.#.........###
#......####.........####.###
##............###....# #....
###.#######.........#.#######
#...# ###..#...........# #
#.### ##....#.#####.#.#.#####


You could see Eustachio, an iron imp and an ufetubus.

Vanquished Creatures
  2 slaves
  An ogre (D:4)
  An orc priest (D:3)
  An orc wizard (D:4)
  An iguana (D:4)
  A worker ant (D:4)
  Robin (D:3)
  2 adders (D:3)
  2 oozes
  A worm (D:2)
  2 dart slugs
  2 leopard geckos
  5 orcs
  6 giant cockroaches
  11 goblins
  15 hobgoblins
  4 bats
  2 frilled lizards
  13 kobolds
  4 rats
77 creatures vanquished.

Notes
Turn   | Place    | Note
-------+----------+-------------------------------------------
     0 | D:1      | Peloso the Minotaur Fighter began the quest for the Orb.
     0 | D:1      | Reached XP level 1. HP: 19/19 MP: 0/0
   103 | D:1      | Reached XP level 2. HP: 27/27 MP: 1/1
   342 | D:1      | Reached XP level 3. HP: 33/33 MP: 2/2
   738 | D:2      | Found a sparkling altar of Nemelex Xobeh.
   808 | D:2      | Found a glowing silver altar of Zin.
  1011 | D:2      | Found a shadowy altar of Dithmenos.
  1533 | D:3      | Reached XP level 4. HP: 40/40 MP: 3/3
  1534 | D:3      | Noticed Robin
  1554 | D:3      | Killed Robin
  1943 | D:3      | Reached XP level 5. HP: 30/46 MP: 4/4
  2044 | D:3      | Found a stormy altar of Qazlal.
  2220 | D:4      | Noticed a slave
  2226 | D:4      | Killed a slave
  2228 | D:4      | Noticed a slave
  2228 | D:4      | Noticed a slave
  2229 | D:4      | Noticed an ogre
  2230 | D:4      | Noticed Pikel
  2249 | D:3      | Killed a slave
  2279 | D:4      | Found a large runed translucent door.
  2279 | D:4      | Noticed an ice beast
  2280 | D:4      | Found a large runed translucent door.
  2291 | D:4      | Reached skill level 1 in Dodging
  2360 | D:4      | Noticed an ogre
  2369 | D:4      | Killed an ogre
  2369 | D:4      | Reached skill level 5 in Long Blades
  2369 | D:4      | Reached skill level 5 in Armour
  2369 | D:4      | Reached XP level 6. HP: 5/53 MP: 5/5
  2441 | D:4      | Reached skill level 5 in Shields
  2721 | D:4      | Found a large runed translucent door.
  2721 | D:4      | Found a large runed translucent door.
  2725 | D:4      | Noticed Eustachio
  2725 | D:4      | Noticed Natasha
  2775 | D:3      | Slain by an iron imp

Levels and vault maps discovered:
D:1:      dpeg_arrival_pits, layout_basic, minmay_tromino_i2
D:2:      layout_basic, lemuel_crystal_altar, nemelex_xobeh_ov_fountains_minmay,
          nicolae_dithmenos_through_a_glass_darkly
D:3:      layout_rooms, overflow_temple_1_default, uniq_robin
D:4:      layout_loops_ring, minmay_hollow_rounded_squares, uniq_pikel,
          uniq_sigmund, uniq_eustachio, uniq_natasha

Skill      XL: |  1  2  3  4  5  6 |
---------------+-------------------+-----
Armour         | 4 5 |  5.1
Shields        | 4 5 |  5.0
Fighting       | 4 |  4.5
Long Blades    | 3 4 5 |  5.2
Dodging        | 1 |  1.2
Stealth        | |  0.2

Action                   |  1- 3 |  4- 6 || total
-------------------------+-------+-------++-------
Melee: Long sword        |    95 |   108 ||   203
       Headbutt          |    14 |    17 ||    31
       Unarmed           |       |     4 ||     4
  Use: Potion            |       |     4 ||     4
  Eat: Chunk             |     1 |     5 ||     6
Armor: Scale mail        |    46 |    42 ||    88
Dodge: Dodged            |    29 |    44 ||    73
Block: Shield            |    61 |    37 ||    98
       Large shield      |       |    42 ||    42
       Rpst.: Long sword |     7 |     9 ||    16
